Map: Catalyst LE

Players

Shaaban

  • Race: Zerg Zerg
  • League: Gold
  • Spawn Location: 11:00

Plague - Winner!

  • Race: Zerg Zerg
  • League: Platinum
  • Spawn Location: 5:00

VOD

Have the link to the VOD?

Description

Time

  • Played on: March 24, 2018, 5:01 p.m.
  • Length: 13:27
Show
View Real Time Build Order
Export as new Build Order

Shaaban Zerg 

Build Orders: Pool First 

Get SALT Encoding   

  12  0:01  Drone  
  13  0:08  Drone  
  14  0:23  Overlord  
  14  0:35  Spawning Pool  
  13  0:37  Drone  
  14  0:53  Drone  
  14  0:54  Drone  
  14  0:57  Drone  
  17  1:04  Extractor  
  17  1:06  Drone  
  17  1:36  Hatchery  
  16  1:45  Drone  
  17  1:48  Zergling x4  
  19  1:55  Queen  
  19  1:57  Overlord  
  21  2:10  Zergling x2  
  22  2:18  Drone  
  22  2:21  Metabolic Boost  
  23  2:26  Extractor  
  22  2:31  Drone  
  23  2:49  Drone  
  24  2:54  Drone  
  24  2:55  Roach Warren  
  24  3:01  Queen  
  24  3:03  Lair  
  26  3:11  Drone  
  26  3:12  Drone x2  
  29  3:16  Drone  
  29  3:19  Drone  
  31  3:33  Spine Crawler  
  30  3:36  Queen  
  32  3:50  Drone x2  
  32  3:52  Overlord  
  34  4:07  Glial Reconstitution  
  34  4:12  Roach x4  
  34  4:17  Queen  
  34  4:48  Zergling x12  
  34  4:49  Zergling x2  
  34  4:52  Drone  
  40  4:53  Drone x3  
  43  5:00  Ravager  
  44  5:22  Extractor  
  44  5:23  Drone  
  44  5:24  Overlord x2, Extractor  
  44  5:28  Ravager  
  44  5:42  Queen  
  36  5:55  Roach  
  36  5:56  Roach x4  
  46  6:17  Drone x3  
  46  6:18  Drone  
  50  6:28  Queen  
  52  6:52  Spire  
  41  7:00  Roach  
  41  7:01  Roach x8  
  48  7:13  Queen  
  44  7:26  Drone x3  
  44  7:28  Drone x3  
  50  7:51  Queen  
  50  7:56  Spine Crawler  
  50  7:58  Spine Crawler  
  50  7:59  Spine Crawler  
  50  8:00  Drone x5  
  50  8:01  Drone  
  50  8:04  Zerg Flyer Weapons Level 1  
  55  8:06  Overlord  
  55  8:11  Ravager x2  
  55  8:12  Ravager x2  
  59  8:43  Roach x4  
  67  8:49  Overlord x2  
  33  9:15  Roach  
  33  9:16  Roach x9  
  53  9:31  Queen  
  55  9:54  Drone x4  
  55  9:55  Drone  
  60  10:03  Queen  
  62  10:24  Zerg Flyer Weapons Level 2  
  62  10:34  Drone x3  
  65  10:49  Spine Crawler  
  64  10:52  Spine Crawler  
  39  11:13  Mutalisk x6  
  50  12:03  Zergling x12  
  28  12:45  Spore Crawler  
  28  12:49  Spore Crawler  
  26  12:51  Drone x2  
  26  12:52  Drone  
Show
View Real Time Build Order
Export as new Build Order

Plague Zerg - Winner!

Build Orders: Pool First, Zergling Baneling 

Get SALT Encoding   

  12  0:01  Drone  
  13  0:13  Overlord  
  13  0:17  Drone  
  14  0:32  Drone x2  
  16  0:37  Drone  
  16  0:40  Extractor  
  16  0:50  Spawning Pool  
  16  0:52  Drone  
  16  1:02  Drone  
  17  1:23  Hatchery  
  16  1:31  Drone  
  17  1:37  Zergling x2  
  17  1:38  Zergling x2  
  19  1:45  Metabolic Boost  
  19  1:51  Overlord  
  19  1:59  Zergling x2  
  20  2:05  Queen  
  22  2:16  Drone x2  
  24  2:39  Baneling Nest  
  24  2:40  Queen  
  24  2:42  Drone x3  
  28  2:50  Drone  
  28  2:51  Drone  
  30  3:01  Zergling x4  
  32  3:12  Zergling x4  
  34  3:15  Zergling x4  
  34  3:17  Overlord  
  36  3:20  Overlord  
  36  3:31  Baneling  
  36  3:32  Baneling  
  36  3:37  Zergling x2  
  36  3:38  Zergling x4  
  39  3:58  Zergling x2  
  39  3:59  Zergling x10  
  45  4:02  Baneling  
  45  4:03  Baneling x4  
  45  4:13  Drone x3  
  45  4:14  Overlord  
  48  4:26  Drone x4  
  45  4:42  Zergling x4  
  45  4:43  Zergling x8  
  43  4:52  Zergling x2  
  43  4:53  Zergling x6  
  43  4:55  Baneling x2  
  46  5:09  Overlord  
  46  5:10  Roach Warren  
  45  5:17  Baneling x3  
  45  5:19  Zergling x2  
  45  5:20  Zergling x6  
  49  5:24  Lair  
  49  5:29  Extractor, Drone  
  39  5:58  Zergling x2  
  39  5:59  Zergling x10  
  39  6:03  Zergling x4  
  39  6:04  Zergling x2  
  48  6:11  Evolution Chamber  
  47  6:12  Drone x2  
  47  6:13  Drone x2  
  47  6:15  Baneling x4  
  47  6:16  Baneling x2  
  51  6:25  Drone x2  
  53  6:37  Hatchery  
  53  6:38  Drone x2  
  53  6:53  Zergling x2  
  53  6:54  Zergling x4  
  48  7:00  Zergling x6  
  48  7:01  Zergling x8  
  52  7:11  Zergling x2  
  52  7:12  Zergling x2  
  53  7:26  Zerg Melee Weapons Level 1  
  53  7:29  Zergling x2  
  54  7:30  Zergling x4  
  55  7:43  Zergling x6  
  58  7:48  Spire  
  57  7:57  Queen  
  59  8:05  Overlord x2  
  59  8:06  Zergling x2  
  59  8:07  Zergling x16  
  59  8:12  Zergling x4  
  70  8:14  Baneling x3  
  70  8:15  Baneling x3  
  70  8:16  Overlord  
  70  8:23  Spine Crawler x2  
  70  8:24  Spine Crawler x2  
  70  8:25  Drone x2  
  68  8:29  Overlord  
  61  9:00  Zergling x18  
  61  9:01  Zergling x2  
  53  9:11  Zergling x8  
  52  9:31  Mutalisk x3  
  58  9:38  Zerg Ground Armor Level 1  
  58  9:42  Drone  
  59  9:51  Mutalisk  
  59  9:52  Mutalisk  
  63  10:11  Zergling x2  
  63  10:12  Zergling x10  
  63  10:13  Zergling x2  
  70  10:30  Drone x2  
  70  10:31  Drone x5  
  76  10:55  Zergling x2  
  76  10:56  Zergling x14  
  64  11:14  Mutalisk x4  
  72  11:20  Zergling x4  
  74  11:33  Zergling x2  
  74  11:34  Zergling x4  
  73  11:42  Mutalisk x2  
  77  11:49  Zergling x2  
  77  11:50  Zergling x2  
  79  12:04  Mutalisk x2  
  74  12:26  Mutalisk  
  74  12:27  Zergling x2  
  74  12:28  Zergling x14  
  83  12:34  Baneling  
  83  12:35  Baneling  
  83  12:36  Zergling x4  
  85  12:44  Extractor  
  85  12:48  Zergling x2, Extractor x2  
  85  12:49  Zergling x4  
  85  12:50  Extractor  
Tags
 
Add a new tag
Caveats
  • Supply blocks, unpowered buildings, or Contaminate may cause inaccurate times.
  • Supply counts are checked every 10 seconds.